 Dungeon Crawl Stone Soup version 0.31-a0-210-gccc998df9b (webtiles) character file.

Game seed: 5239297157671494551

8227 Dylgear the Cleaver (level 11, -3/75 (83) HPs)
             Began as a Formicid Fighter on June 29, 2023.
             Slain by a spectral orc warlord
             ... wielding a +2 dire flail
             ... summoned by Nergalle
              (5 damage)
             ... on level 10 of the Dungeon.
             The game lasted 00:33:45 (9265 turns).

Dylgear the Cleaver (Formicid Fighter)              Turns: 9265, Time: 00:33:45

HP:   -3/75 (83)    AC: 17    Str: 23    XL:     11   Next: 51%
MP:   11/11         EV: 14    Int:  8    God:
Gold: 403           SH:  8    Dex: 15    Spells: 10/10 levels left

rFire   . . .        B - +3 battleaxe
rCold   + . .        x - +2 buckler
rNeg    + . .        y - +1 chain mail {rC+}
rPois   .            (helmet unavailable)
rElec   .            (no cloak)
rCorr   .            p - +2 pair of gloves
SInv    +            o - +0 pair of boots
Will    +....        g - amulet of regeneration Stlth
                     b - ring of positive energy
HPRegen 1.12/turn    v - +5 ring of evasion
MPRegen 0.12/turn

%: no passive effects
@: drained
A: permanent stasis, dig shafts and tunnels, antennae 3, four strong arms
a: Dig, Shaft Self


You were on level 10 of the Dungeon.
You visited 2 branches of the dungeon, and saw 11 of its levels.

You collected 583 gold pieces.
You spent 180 gold pieces at shops.

Inventory:

Hand Weapons
 a - a +0 heavy war axe
 A - a +2 dire flail of freezing
 B - a +3 battleaxe (weapon)
Missiles
 r - 7 boomerangs
 w - 4 silver boomerangs
Armour
 e - the +1 leather armour of the Tomato {Regen+ rCorr Str+5 Int-4}
   (You found it on level 4 of the Dungeon)

   Str:       It affects your strength (+5).
   Int:       It affects your intelligence (-4).
   Regen:     It increases your rate of health regeneration.
   rCorr:     It protects you from acid and corrosion.
 o - a +0 pair of boots (worn)
 p - a +2 pair of gloves (worn)
 s - a +0 plate armour
 x - a +2 buckler (worn)
 y - a +1 chain mail of cold resistance (worn)
Jewellery
 b - a ring of positive energy (left hand)
 g - an amulet of regeneration (around neck)
 n - an amulet of faith
 u - an amulet of reflection
 v - a +5 ring of evasion (right hand)
Wands
 h - a wand of paralysis (13)
 i - a wand of flame (17)
 k - a wand of digging (5)
 z - a wand of mindburst (14)
 C - a wand of roots (12)
Scrolls
 c - 5 scrolls of revelation
 d - 2 scrolls of fog
 l - 2 scrolls of immolation
Potions
 f - a potion of ambrosia
 j - 3 potions of curing
 m - a potion of cancellation
 t - 3 potions of lignification
 D - a potion of resistance
 E - a potion of mutation {unknown}


   Skills:
 + Level 6.4 Fighting
 * Level 12.8 Axes
 * Level 9.0 Armour
 + Level 2.7 Dodging
 + Level 3.0 Stealth
 * Level 8.6 Shields


You had 10 spell levels left.
You didn't know any spells.
Your spell library contained the following spells:

 Spells                   Type           Power      Damage    Failure   Level
 Sting                    Tmut/Pois      0%         1d3       94%         1
 Poisonous Vapours        Pois/Air       0%         N/A       98%         2
 Dazzling Flash           Conj/Hex       0%         N/A       100%        3
 Olgreb's Toxic Radiance  Pois           0%         N/A       100%        4
 Agony                    Necr           0%         N/A       100%        5
 Silence                  Hex/Air        0%         N/A       100%        5


Dungeon Overview and Level Annotations

Branches:
Dungeon (10/15)            Temple (1/1) D:6            Lair (0/5) D:8
    Orc (0/2) D:9

Altars:
Ashenzari
Cheibriados
Fedhas
Hepliaklqana
Nemelex Xobeh
Okawaru
Qazlal
Ru
Xom
Yredelemnul
Zin
The Shining One

Shops:
D:1 [

Annotations:
D:10 Nergalle


Innate Abilities, Weirdness & Mutations

You cannot be hasted, slowed, berserked, paralysed or teleported.
You can dig through walls and to a lower floor.
You have a pair of large antennae on your head. (SInv)
Your four strong arms can wield two-handed weapons with a shield.


Message History

The spectral orc warlord is lightly damaged.
The spectral orc warlord barely misses you. x2
You slash the spectral orc warlord!
The spectral orc warlord is moderately damaged.
The spectral orc warlord misses you.
You hit the spectral orc warlord but do no damage.
The spectral orc warlord is moderately damaged.
The spectral orc warlord closely misses you.
You hit the spectral orc warlord.
The spectral orc warlord is moderately damaged.
The spectral orc warlord hits you with a +2 dire flail!
You partially resist.
You feel drained.
You barely miss the spectral orc warlord.
The spectral orc warlord is moderately damaged.
You block the spectral orc warlord's attack.
You hit the spectral orc warlord but do no damage.
The spectral orc warlord is moderately damaged.
The spectral orc warlord hits you with a +2 dire flail!
You partially resist.
You feel drained.
You hit the spectral orc warlord but do no damage.
The spectral orc warlord is moderately damaged.
You block the spectral orc warlord's attack.
You hit the spectral orc warlord.
The spectral orc warlord is moderately damaged.
The spectral orc warlord barely misses you.
The spectral orc warlord hits you with a +2 dire flail.
The spectral orc warlord attacks as you move away!
The spectral orc warlord hits you with a +2 dire flail!
The spectral orc warlord attacks as you move away!
The spectral orc warlord hits you with a +2 dire flail!
* * * LOW HITPOINT WARNING * * *
You feel better.
The spectral orc warlord hits you with a +2 dire flail.
* * * LOW HITPOINT WARNING * * *
You partially resist.
You feel drained.
The spectral orc warlord attacks as you move away!
The spectral orc warlord hits you with a +2 dire flail!!
* * * LOW HITPOINT WARNING * * *
You partially resist.
You feel drained.
You die...

.####.#.#.. #.##.#
...##.#.#.# #....#
......#...## #...###
...........###.....#
...###.....##......#
..<.$..#......#....##
....................###
...#####....Z#........###
..$##..........Z@.......#
...##.#...#.##........<#
#.##......#...####.....#
#....)##.####.# #...#..#
.....# #.# #............#
# .. #.# ...#######....#
.. #.. .# ##...# ## ..##
..#


You could see a spectral orc (summoned) and a spectral orc warlord (summoned).

Vanquished Creatures
  A centaur warrior (D:9)
  A two-headed ogre (D:8)
  A manticore (D:8)
  Joseph (D:7)
  3 kobold demonologists
  A troll (D:9)
  A hornet (D:8)
  A shadow (D:9)
  A vampire (D:10)
  Menkaure (D:4)
  6 water moccasins
  4 orc warriors
  3 ice beasts
  2 sky beasts
  3 ogres
  A centaur (D:9)
  10 kobold brigands
  2 phantoms
  4 bullfrogs
  5 gnoll sergeants
  A scorpion (D:8)
  9 wights
  4 killer bees (D:7)
  3 howler monkeys (D:8)
  A quasit (D:8)
  2 orc priests
  A gnoll bouda (D:6)
  6 orc wizards
  3 iguanas
  2 sleepcaps
  10 gnolls
  8 adders
  A shadow imp (D:8)
  5 white imps
  3 ufetubi (D:8)
  2 worms (D:2)
  A dart slug (D:2)
  21 orcs
  6 ball pythons
  9 endoplasms
  4 giant cockroaches
  3 hobgoblins
  10 jackals
  21 kobolds
  7 quokkas
  A bat (D:1)
  3 goblins
  5 rats
204 creatures vanquished.

Vanquished Creatures (others)
  An orc (D:8)
1 creature vanquished.

Grand Total: 205 creatures vanquished

Notes
Turn   | Place    | Note
-------+----------+-------------------------------------------
     0 | D:1      | Dylgear the Formicid Fighter began the quest for the Orb.
     0 | D:1      | Reached XP level 1. HP: 18/18 MP: 1/1
   300 | D:1      | Reached XP level 2. HP: 24/24 MP: 2/2
   329 | D:1      | Found Veereshru's Antique Armour Shop.
   543 | D:1      | Reached XP level 3. HP: 29/29 MP: 3/3
  1323 | D:2      | Reached XP level 4. HP: 35/37 MP: 4/4
  1636 | D:2      | Reached skill level 3 in Axes
  1827 | D:3      | Noticed a phantom
  1945 | D:3      | Killed a phantom
  1946 | D:3      | Reached skill level 1 in Dodging
  1946 | D:3      | Reached XP level 5. HP: 42/42 MP: 5/5
  1961 | D:3      | Reached skill level 4 in Axes
  2192 | D:3      | Found a hazy altar of Hepliaklqana.
  2193 | D:3      | Found a shimmering altar of Xom.
  2194 | D:3      | Noticed a spectral ugly thing
  2449 | D:4      | Reached XP level 6. HP: 24/48 MP: 6/6
  2719 | D:4      | Identified the +1 leather armour of the Tomato {Regen+
                  | rCorr Str+5 Int-4}
  3020 | D:1      | Bought a brightly glowing buckler for 180 gold pieces
  3020 | D:1      | Identified the +0 buckler "Gischown" {Stlth+} (You bought
                  | it in a shop on level 1 of the Dungeon)
  3659 | D:4      | Noticed Menkaure
  3668 | D:4      | Killed Menkaure
  3669 | D:4      | Reached XP level 7. HP: 36/55 MP: 7/7
  3837 | D:5      | Entered Level 5 of the Dungeon
  4196 | D:5      | Reached skill level 5 in Axes
  4300 | D:5      | Noticed a water moccasin
  4319 | D:5      | Killed a water moccasin
  4320 | D:5      | Reached skill level 5 in Armour
  4320 | D:5      | Reached skill level 1 in Stealth
  4696 | D:6      | Reached skill level 5 in Shields
  4696 | D:6      | Reached XP level 8. HP: 35/61 MP: 8/8
  4841 | D:6      | Found a staircase to the Ecumenical Temple.
  4850 | Temple   | Entered the Ecumenical Temple
  4944 | D:6      | Reached skill level 6 in Axes
  5588 | D:7      | Reached skill level 7 in Axes
  5664 | D:7      | Noticed Joseph
  5681 | D:7      | Killed Joseph
  5682 | D:7      | Reached XP level 9. HP: 36/67 MP: 9/9
  5739 | D:7      | Reached skill level 5 in Fighting
  5739 | D:7      | Reached skill level 8 in Axes
  6545 | D:8      | Reached skill level 9 in Axes
  6569 | D:8      | Found a stormy altar of Qazlal.
  6588 | D:8      | Noticed a manticore
  6596 | D:8      | Killed a manticore
  6597 | D:8      | Reached XP level 10. HP: 44/74 MP: 10/10
  6636 | D:8      | Found a staircase to the Lair.
  6695 | D:8      | Reached skill level 10 in Axes
  7652 | D:9      | Noticed a kobold demonologist
  7665 | D:9      | Noticed an orange demon
  7665 | D:9      | Killed a kobold demonologist
  7666 | D:9      | Reached skill level 11 in Axes
  7676 | D:9      | Found a staircase to the Orcish Mines.
  7681 | D:9      | Noticed a two-headed ogre
  7853 | D:8      | Killed a two-headed ogre
  7876 | D:8      | Reached XP level 11. HP: 55/81 MP: 11/11
  8011 | D:8      | Reached skill level 12 in Axes
  8412 | D:9      | Found a shimmering altar of Xom.
  8485 | D:10     | Entered Level 10 of the Dungeon
  8855 | D:9      | Found a sparkling altar of Nemelex Xobeh.
  8909 | D:9      | Noticed a centaur warrior
  8921 | D:9      | Killed a centaur warrior
  9179 | D:10     | Noticed Nergalle
  9182 | D:10     | Noticed a spectral orc warlord
  9265 | D:10     | HP: 2/77 [spectral orc warlord/+2 dire flail[Nergalle]
                  | (24)]
  9265 | D:10     | Slain by a spectral orc warlord

Illustrated notes

Levels and vault maps discovered:
D:1:      shiori_arrival_elements, layout_loops_ring, serial_shops, shop,
          amcnicky_mini_rare_corridor_liquid, bh_walls_and_bars
D:2:      layout_basic, hangedman_glass_teeth
D:3:      layout_basic, regret_index_temple_of_mockery, kennysheep_small_spiral
D:4:      layout_basic, uniq_menkaure
D:5:      layout_basic, kennysheep_donut
D:6:      layout_basic, minmay_temple_entry_statues_fountains,
          chequers_serial_rivers_micro_e
D:7:      layout_loops_ring, uniq_joseph
D:8:      layout_basic, mainiacjoe_overflow_surrounded_room,
          due_lair_maze_entry_diamond, serial_demonic, serial_demonic_c,
          serial_demonic_e, serial_demonic_g, serial_demonic_c
D:9:      layout_stronghold, kennysheep_orc_monster_closet_entryway,
          hangedman_feature_mirror
D:10:     layout_rooms, minitemple, chequers_serial_rivers_micro_c,
          uniq_nergalle
Temple:   hellmonk_temple_of_storms

Skill      XL: |  1  2  3  4  5  6  7  8  9 10 11 |
---------------+----------------------------------+-----
Armour         | 4 5 6 7 8 9 |  9.0
Axes           | 3 4 5 7 9 11 12 | 12.8
Dodging        | 1 2 |  2.7
Fighting       | 4 5 6 |  6.4
Stealth        | 2 3 |  3.0
Shields        | 5 6 7 8 |  8.6

Action                     |  1- 3 |  4- 6 |  7- 9 | 10-12 || total
---------------------------+-------+-------+-------+-------++-------
  Melee: War axe           |    62 |   132 |   106 |       ||   300
         Battleaxe         |       |       |   144 |   324 ||   468
Ability: Dig               |       |     1 |     2 |       ||     3
    Use: Scroll            |     4 |    10 |     4 |     3 ||    21
         Potion            |       |     1 |       |     7 ||     8
   Stab: Sleeping          |       |       |     6 |       ||     6
         Invisible         |       |       |       |     1 ||     1
 Armour: Swamp dragon scal |    24 |    63 |    27 |       ||   114
         Chain mail        |       |       |    68 |   183 ||   251
  Dodge: Dodged            |    31 |    58 |   192 |   289 ||   570
  Block: Buckler           |    12 |    30 |   105 |   119 ||   266

Table legend: (Time is in decaauts)
 A = Elapsed time spent in this place.
 B = Non-inter-level travel time spent in this place.
 C = Inter-level travel time spent in this place.
 D = Time resting spent in this place.
 E = Time spent auto-exploring this place.
 F = Levels seen in this place.
 G = Mean time per level.
                   A        B        C        D        E       F      G
               +--------+--------+--------+--------+--------+-----+--------+
         Total |   9499 |   8100 |   1399 |    759 |   4654 |  11 |  863.5 |
       Dungeon |   9456 |   8063 |   1393 |    759 |   4625 |  10 |  945.6 |
        Temple |     42 |     36 |      6 |      0 |     29 |   1 |   42.0 |
               +--------+--------+--------+--------+--------+-----+--------+

Top non-repeatable levels by time:
     D:8: 1851 daAuts
     D:4: 1226 daAuts
     D:1: 1088 daAuts
     D:9: 1083 daAuts
     D:2: 1032 daAuts
     D:5: 915 daAuts
     D:7: 764 daAuts
     D:6: 730 daAuts
     D:3: 632 daAuts
    D:10: 131 daAuts
  Temple: 42 daAuts
